 Dungeon Crawl Stone Soup version 0.28.0-45-g0d030f2227 (webtiles) character file.

Game seed: 15591038173133041631

305 terff the Digger (level 6, -3/33 HPs)
             Began as a Gargoyle Earth Elementalist on Apr 3, 2022.
             Slain by Edmund
             ... wielding a +2 flail of holy wrath
              (8 damage)
             ... on level 4 of the Dungeon.
             The game lasted 00:15:00 (5075 turns).

terff the Digger (Gargoyle Earth Elementalist)      Turns: 5075, Time: 00:15:02

Health: -3/33      AC: 10    Str: 17    XL:     6   Next: 39%
Magic:  6/11       EV: 12    Int: 18    God:
Gold:   202        SH:  0    Dex: 10    Spells: 5/11 levels left

rFire   . . .      SeeInvis .   n - +2 halberd (venom)
rCold   . . .      Faith    .   (shield currently unavailable)
rNeg    + . .      Spirit   .   j - +1 animal skin
rPois   ∞          Reflect  .   g - +2 helmet
rElec   +          Harm     .   (no cloak)
rCorr   .          Rampage  .   (no gloves)
Will    .....                   (no boots)
Stlth   ++........              (no amulet)
HPRegen 0.11/turn               l - +6 ring of strength
MPRegen 0.12/turn               (no ring)

@: no status effects
A: sickness immunity, AC +4, negative energy resistance 1, electricity
resistance, torment resistance 1, petrification resistance
a: no special abilities


You were on level 4 of the Dungeon.
You visited 1 branch of the dungeon, and saw 4 of its levels.

You collected 202 gold pieces.

Inventory:

Hand Weapons
 e - a +3 dagger of speed
 n - a +2 halberd of venom (weapon)
Missiles
 c - 224 stones
Armour
 b - a +0 robe
 f - a +0 helmet
 g - a +2 helmet (worn)
 j - a +1 animal skin (worn)
Magical Staves
 d - a staff of air
Jewellery
 l - a +6 ring of strength (left hand)
Scrolls
 m - a scroll of immolation {unknown}
Potions
 a - 3 potions of lignification
 h - a potion of resistance
 i - 2 potions of attraction {unknown}
 k - a potion of flight {unknown}


   Skills:
 + Level 0.6 Fighting
 + Level 1.7 Staves
 + Level 2.8 Dodging
 + Level 2.7 Stealth
 + Level 3.4 Spellcasting
 * Level 1.8 Translocations
 + Level 0.7 Transmutations
 + Level 4.9 Earth Magic


You had 5 spell levels left.
You knew the following spells:

 Your Spells              Type           Power      Damage    Failure   Level
a - Sandblast             Erth           40%        2d10      1%          1
b - Blink                 Tloc           18%        N/A       11%         2
c - Stone Arrow           Conj/Erth      22%        3d8       17%         3

Your spell library contained the following spells:

 Spells                   Type           Power      Damage    Failure   Level
 Passwall                 Tmut/Erth      10%        N/A       8%          2
 Lesser Beckoning         Tloc           9%         N/A       22%         3
 Static Discharge         Conj/Air       3%         N/A       24%         2
 Petrify                  Tmut/Erth      13%        N/A       43%         4
 Manifold Assault         Tloc           9%         N/A       90%         5
 Lightning Bolt           Conj/Air       1%         1d12      99%         5
 Maxwell's Capacitive Co  Air            1%         ∞         100%        8


Dungeon Overview and Level Annotations

Branches:
Dungeon (4/15)
 Temple: D:4-7

Altars:

Shops:
D:2 [

Annotations:
D:4 Edmund


Innate Abilities, Weirdness & Mutations

You are immune to sickness and miasma.
Your stone body is resilient. (AC +4)
You are immune to poison.
You resist negative energy. (rN+)
You are resistant to electric shocks. (rElec)
You are resistant to unholy torment.
You are immune to petrification.


Message History

Aiming: Sandblast (safe; 1% risk of failure)
Press: ? - help, Shift-Dir - straight line, f/p - Edmund
Aim: Edmund, wielding a +2 flail of holy wrath and wearing a +0 scale mail (severely wounded, 83% to hit)
The blast of sand hits Edmund but does no damage.
Edmund is severely wounded.
The adder skeleton bites you.
Edmund hits you with a +2 flail of holy wrath!
You barely miss Edmund.
Edmund is severely wounded.
The adder skeleton bites you but does no damage.
Edmund closely misses you.
You slash Edmund!
Edmund is poisoned.
Edmund is almost dead.
Edmund hits you with a +2 flail of holy wrath.
The quokka closely misses you.
Edmund hits you with a +2 flail of holy wrath.
You barely miss Edmund.
Edmund is almost dead.
The adder skeleton bites you but does no damage.
The quokka barely misses you.
Edmund hits you with a +2 flail of holy wrath.
The adder skeleton barely misses you. The quokka bites you.
* * * LOW HITPOINT WARNING * * *
You closely miss Edmund.
Edmund is almost dead.
The quokka bites you but does no damage.
Edmund gestures with his flail.
Edmund barely misses you.
The adder skeleton bites you but does no damage.
Edmund clears his throat.
Edmund barely misses you.
The quokka bites you but does no damage.
You barely miss Edmund.
Edmund is almost dead.
The adder skeleton bites you.
* * * LOW HITPOINT WARNING * * *
The quokka barely misses you. The adder skeleton bites you.
* * * LOW HITPOINT WARNING * * *
Edmund hits you with a +2 flail of holy wrath!
You die...

.... # ...
#.#..####
#.....#..
.#......# .
........####..$
...........(...
......@@.#
......Zr.#
.........#
.........#
>.......##
........#
..###.#.# ..
#.#.#


You could see Edmund (poisoned), a quokka and an adder skeleton.

Vanquished Creatures
  Robin (D:1)
  13 gnolls (D:3)
  3 adders
  3 worms
  A dart slug (D:1)
  6 bats
  6 endoplasms
  A giant cockroach (D:2)
  14 goblins
  14 hobgoblins
  3 quokkas
  8 ball pythons
  A frilled lizard (D:2)
  46 kobolds
  14 rats
134 creatures vanquished.

Notes
Turn   | Place    | Note
-------+----------+-------------------------------------------
     0 | D:1      | terff the Gargoyle Earth Elementalist began the quest for
                  | the Orb.
     0 | D:1      | Reached XP level 1. HP: 10/10 MP: 3/3
   157 | D:1      | Reached XP level 2. HP: 14/15 MP: 0/5
   440 | D:1      | Reached skill level 4 in Earth Magic
   628 | D:1      | Reached XP level 3. HP: 19/19 MP: 6/6
  1659 | D:2      | Reached XP level 4. HP: 6/24 MP: 7/7
  1980 | D:2      | Found Koeliejoti's Armour Boutique.
  2093 | D:2      | Reached skill level 1 in Staves
  2093 | D:2      | Noticed Robin
  2199 | D:1      | Killed Robin
  2537 | D:2      | Learned a level 2 spell: Blink
  3225 | D:3      | Reached XP level 5. HP: 28/28 MP: 7/9
  3942 | D:3      | Learned a level 3 spell: Stone Arrow
  4010 | D:3      | Reached skill level 1 in Translocations
  4102 | D:3      | Reached XP level 6. HP: 15/33 MP: 0/11
  5066 | D:4      | Noticed Edmund
  5075 | D:4      | Slain by Edmund

Illustrated notes

Levels and vault maps discovered:
D:1:      dpeg_arrival_ratfight, layout_loops_corners
D:2:      layout_basic, serial_shops, shop, minmay_vboxes, uniq_robin
D:3:      minmay_goblin_kobold_castle, layout_basic, hangedman_decor_push,
          minmay_misc_feat_doors, chequers_decorated_corner
D:4:      layout_rooms, kennysheep_vampire_church, kennysheep_little_box,
          chequers_serial_rivers_room_a, minmay_divided_ellipse,
          uniq_blork_the_orc, uniq_edmund, uniq_eustachio

Skill      XL: |  1  2  3  4  5 |
---------------+----------------+-----
Earth Magic    | 4 |  4.9
Dodging        | 2 |  2.8
Staves         | 1 |  1.7
Spellcasting   | 3 |  3.4
Translocations | 1 |  1.8
Fighting       | |  0.6
Stealth        | |  2.7
Transmutations | |  0.7

Action                   |  1- 3 |  4- 6 || total
-------------------------+-------+-------++-------
Melee: Unarmed           |     1 |       ||     1
       Staff             |   122 |   205 ||   327
       Punch             |       |     2 ||     2
       Halberd           |       |    12 ||    12
 Cast: Sandblast         |    29 |    89 ||   118
       Stone Arrow       |       |     2 ||     2
  Use: Scroll            |     2 |     4 ||     6
 Stab: Sleeping          |     3 |     1 ||     4
Armor: Robe              |    54 |    22 ||    76
       Animal skin       |       |   200 ||   200
Dodge: Dodged            |   110 |   348 ||   458
